 Dungeon Crawl Stone Soup version 0.28.0-45-g0d030f2227 (webtiles) character file.

Game seed: 13202107257705534411

169856 sking99 the Brawler (level 17, 0/187 HPs)
             Began as a Black Draconian Transmuter on May 23, 2022.
             Was a High Priest of Okawaru.
             Slain by a salamander
             ... wielding a +3 glaive
              (13 damage)
             ... on level 3 of the Snake Pit.
             The game lasted 01:24:18 (35190 turns).

sking99 the Brawler (Black Draconian Transmuter)   Turns: 35190, Time: 01:24:19

Health: 0/187      AC:  9    Str: 21    XL:     17   Next: 36%
Magic:  13/23      EV: 22    Int: 12    God:    Okawaru [*****.]
Gold:   3166       SH:  0    Dex: 15    Spells: 3/21 levels left

rFire   x . .      SeeInvis .     - Unarmed
rCold   + + +      Faith    .   (shield currently unavailable)
rNeg    . . .      Spirit   .   (armour unavailable)
rPois   +          Reflect  .   (helmet currently unavailable)
rElec   +          Harm     .   (cloak currently unavailable)
rCorr   .          Rampage  .   (gloves currently unavailable)
Will    ++...                   (boots currently unavailable)
Stlth   +++.......              h - amulet of regeneration
HPRegen 1.21/turn               u - +4 ring of evasion
MPRegen 0.18/turn               f - ring of Fyciu {rElec rPois rC+ Will+ Str+4}

@: lethally poisoned (0 -> -1), ice-form, heroic, finesse-ful, unable to read
A: freezing attack, amphibious, boosted hp, (breathe lightning), AC +9, large,
unfitting armour, (big wings), (electricity resistance), (cold-blooded), dopey
1, low MP 1, wild magic 2, inability to read while threatened
a: End Transformation, Renounce Religion, Heroism, Finesse, Duel


You were on level 3 of the Snake Pit.
You worshipped Okawaru.
Okawaru was extremely pleased with you.
You were a creature of crystalline ice.
You visited 5 branches of the dungeon, and saw 27 of its levels.
You also visited: Ossuary, Gauntlet and Ice Cave.

You collected 4388 gold pieces.
You spent 1222 gold pieces at shops.

Inventory:

Armour
 e - a +2 pair of gloves (melded)
 n - a +1 pair of boots of rampaging (melded)
 r - the +2 hat of Imperfection (melded) {rElec rF++}
   (Okawaru gifted it to you on level 12 of the Dungeon)

   rF:        It greatly protects you from fire.
   rElec:     It insulates you from electricity.
 x - a +0 buckler
 z - a +2 cloak of willpower (melded)
Magical Staves
 C - a staff of earth
Jewellery
 d - a ring of resist corrosion
 f - the ring of Fyciu (right front paw) {rElec rPois rC+ Will+ Str+4}
   (You took it off a minotaur in a Gauntlet)

   [ring of poison resistance]

   Str:       It affects your strength (+4).
   rC:        It protects you from cold.
   rElec:     It insulates you from electricity.
   rPois:     It protects you from poison.
   Will:      It increases your willpower.
 h - an amulet of regeneration (around neck)
 k - a ring of positive energy
 q - a ring of see invisible
 u - a +4 ring of evasion (left front paw)
 A - a +6 ring of intelligence
 H - a ring of protection from cold
 I - a ring of willpower
 J - the ring "Lihit" {rPois rF+ Will+ rCorr Dex-5}
   (You found it on level 6 of the Lair of Beasts)

   [ring of resist corrosion]

   Dex:       It affects your dexterity (-5).
   rF:        It protects you from fire.
   rPois:     It protects you from poison.
   rCorr:     It protects you from acid and corrosion.
   Will:      It increases your willpower.
 M - a ring of fire
 N - the ring "Iskom" {rN+ Int+4 SInv}
   (You found it in a Gauntlet)

   [ring of positive energy]

   Int:       It affects your intelligence (+4).
   rN:        It protects you from negative energy.
   SInv:      It lets you see invisible.
 Q - a +6 ring of dexterity
Wands
 o - a wand of mindburst (31)
 p - a wand of acid (11)
 s - a wand of digging (14)
 y - a wand of iceblast (14)
 S - a wand of flame (37)
 T - a wand of paralysis (4)
 U - a wand of polymorph (13)
Scrolls
 g - 5 scrolls of immolation
 i - 15 scrolls of teleportation
 w - 6 scrolls of fear
 F - a scroll of amnesia
 G - a scroll of blinking
 K - 3 scrolls of brand weapon
 L - 3 scrolls of enchant weapon
 O - 8 scrolls of identify
 P - a scroll of fog
 R - 3 scrolls of torment
Potions
 a - 5 potions of ambrosia
 b - 11 potions of brilliance
 c - 2 potions of haste
 j - 10 potions of curing
 l - 6 potions of heal wounds
 m - 3 potions of attraction
 t - 2 potions of resistance
 v - a potion of magic
 B - 3 potions of might
 D - 2 potions of invisibility
 E - 3 potions of lignification


   Skills:
 - Level 15.1(20.1) Fighting
 - Level 11.9(16.9) Dodging
 - Level 3.1(8.1) Shields
 - Level 15.2(20.2) Unarmed Combat
 - Level 2.5 Spellcasting
 + Level 11.3 Transmutations
 - Level 7.7 Ice Magic
 + Level 8.2 Earth Magic
 - Level 3.0 Poison Magic
 - Level 12.0 Invocations


You had 3 spell levels left.
You knew the following spells:

 Your Spells              Type           Power      Damage    Failure   Level
a - Frozen Ramparts       Ice            62%        1d8       9%          3
b - Wereblood             Tmut           46%        N/A       2%          2
c - Spider Form           Tmut/Pois      29%        N/A       11%         3
d - Ice Form              Ice/Tmut       39%        N/A       13%         4
e - Statue Form           Tmut/Erth      26%        N/A       73%         6

Your spell library contained the following spells:

 Spells                   Type           Power      Damage    Failure   Level
 Beastly Appendage        Tmut           92%        N/A       1%          1
 Freeze                   Ice            100%       1d11      4%          1
 Magic Dart               Conj           8%         1d3       43%         1
 Blink                    Tloc           4%         N/A       54%         2
 Mephitic Cloud           Conj/Pois/Air  6%         N/A       63%         3
 Gell's Gravitas          Tloc           2%         N/A       77%         3
 Lesser Beckoning         Tloc           2%         N/A       77%         3
 Teleport Other           Tloc           2%         N/A       77%         3
 Lee's Rapid Deconstruct  Erth           17%        3d11*     41%         5
 Leda's Liquefaction      Hex/Erth       9%         N/A       61%         4
 Hailstorm                Conj/Ice       17%        3d6       65%         4
 Yara's Violent Unravell  Hex/Tmut       12%        3d7       73%         5
 Borgnjor's Vile Clutch   Necr/Erth      9%         N/A       89%         5
 Fulminant Prism          Conj/Hex       1%         3d6       98%         4
 Passage of Golubria      Tloc           2%         N/A       98%         4
 Freezing Cloud           Conj/Ice/Air   6%         6-21      98%         5
 Fireball                 Conj/Fire      1%         3d3       100%        5
 Iskenderun's Battlesphe  Conj           2%         2d6       100%        5
 Manifold Assault         Tloc           2%         N/A       100%        5
 Conjure Ball Lightning   Conj/Air       1%         3x3d6     100%        6
 Dispersal                Tloc           1%         N/A       100%        6
 Enfeeble                 Hex            1%         N/A       100%        7
 Orb of Destruction       Conj           1%         9d5       100%        7
 Disjunction              Tloc           1%         N/A       100%        8
 Polar Vortex             Ice            15%        N/A       100%        9
 Call Imp                 Summ           Unusable   N/A       N/A         2
 Tukima's Dance           Hex            Unusable   N/A       N/A         3
 Animate Dead             Necr           Unusable   N/A       N/A         4
 Summon Mana Viper        Hex/Summ       Unusable   N/A       N/A         5
 Death Channel            Necr           Unusable   N/A       N/A         6
 Simulacrum               Ice/Necr       Unusable   N/A       N/A         6

Dungeon Overview and Level Annotations

Branches:
Dungeon (15/15)            Temple (1/1) D:6            Lair (6/6) D:8
 Shoals (0/4) Lair:3        Snake (3/4) Lair:2        Slime (0/5) Lair:5
    Orc (2/2) D:11            Elf (0/3) Orc:2        Vaults (0/5) D:14
 Depths (0/4) D:15        Ossuary (visited)           IceCv (visited)
Gauntlet (visited)

Altars:
Ashenzari
Cheibriados
Dithmenos
Elyvilon
Fedhas
Gozag
Hepliaklqana
Kikubaaqudgha
Makhleb
Nemelex Xobeh
Okawaru
Qazlal
Ru
Sif Muna
Trog
Uskayaw
Vehumet
Wu Jian
Xom
Yredelemnul
Zin
The Shining One
Beogh
Jiyva

Shops:
D:4 *   D:15 =   Orc:1 *   Orc:2 :(([

Annotations:
Lair:6 3 runed translucent doors, Rexfelis's ghost, journeyman MiBe


Innate Abilities, Weirdness & Mutations

You are a creature of crystalline ice.
You have a powerful freezing melee attack.
You are amphibious.
Your maximum health is increased.
Your armour is entirely melded.
You are incapable of wielding weapons or throwing items.
((You can breathe wild blasts of lightning.))
((Your glossy black scales are hard. (AC +9)))
You cannot fit into any form of body armour.
((Your large and strong wings let you fly.))
((You are resistant to electric shocks. (rElec)))
((You are cold-blooded and may be slowed by cold attacks.))
You are dopey. (Int -2)
Your magical capacity is low. (-10% MP)
Your spells are harder to cast, but more powerful.
You sometimes lose the ability to read scrolls when taking damage.


Message History

The splash of poison hits you. You resist.
A salamander comes into view. It is wielding a +0 trident.
The salamander misses you.
You pummel the naga warrior!! You freeze the naga warrior.
The naga warrior is moderately wounded.
The salamander hits you with a +3 glaive!!
You are engulfed in flames!
The fire burns you terribly! The naga warrior misses you.
The naga warrior grabs you. The naga warrior constricts you.
You gain the combat prowess of a mighty hero.
The salamander hits you with a +3 glaive!!
You are engulfed in flames!
The fire burns you terribly!
You feel threatened and lose the ability to read scrolls!
The naga warrior spits poison at you. The splash of poison misses you.
The naga warrior constricts you.
You can now deal lightning-fast blows.
The naga warrior loses its grip on you. The salamander completely misses you.
The salamander hits you with a +3 glaive!
You are engulfed in flames!!
The fire burns you terribly!
You barely miss the naga. The naga warrior misses you.
The naga warrior grabs you. The naga warrior constricts you.
You barely miss the naga. The salamander closely misses you.
The salamander misses you. The naga spits poison at you.
The splash of poison hits you.
You are poisoned.
You resist.
A naga comes into view. It is wielding a +0 scimitar.
You escape the naga warrior's grasp.
You feel sick.
The salamander hits you with a +3 glaive!!
You are engulfed in flames!
The fire burns you terribly!
* * * LOW HITPOINT WARNING * * *
The naga hits you but does no damage. The naga closely misses you.
You feel sick. The naga warrior barely misses you.
The naga warrior completely misses you.
The salamander hits you with a +3 glaive!!
* * * LOW HITPOINT WARNING * * *
You are engulfed in flames!
The fire burns you terribly!
You die...

........####. ##..?#.
..........# #. ###.....
..........# ## ##.......
...........##† #.......##
..........##..
##........## ...(....##...
#..........##.............
........N..#..####...#....
N......NNY...####....#....
#......NN..##........#....
###.......###......†.#....
#####..###..........#...
##.###.........##...
#............####..
######.....### #######


You could see a naga warrior, 2 salamanders and 2 nagas.

Vanquished Creatures
  Saint Roka (Arena)
  Roxanne (D:14)
  Kirke (D:12)
  An ironbound preserver (D:14)
  A white draconian (IceCv)
  A minotaur (Gauntlet)
  Josephine (D:15)
  Snorg (D:14)
  A fire dragon (D:15)
  4 naga warriors
  4 boulder beetles
  An ogre mage (D:15)
  8 hydras
  4 anacondas
  A centaur warrior (D:14)
  5 catoblepae
  A tengu warrior (D:14)
  9 two-headed ogres
  11 death yaks
  5 orc high priests (Orc:2)
  5 shock serpents
  3 naga sharpshooters
  Urug (Lair:3)
  Nergalle (Orc:1)
  3 skeletal warriors (D:13)
  6 orc knights
  3 wizards (D:15)
  2 deep elf pyromancers
  2 naga ritualists
  A wolf spider zombie (D:15)
  3 deep elf zephyrmancers
  4 oklob plants
  A necromancer (D:15)
  A mana viper (Snake:3)
  8 orc sorcerers
  12 ugly things
  3 cyclopes
  5 manticores
  2 salamanders (Snake:1)
  A wolf spider (Lair:2)
  4 naga magi
  6 elephants
  17 black mambas
  2 gargoyles
  A guardian serpent (Lair:2)
  2 ice statues (IceCv)
  A rust devil (Gauntlet)
  13 cane toads
  Psyche (D:9)
  A kobold demonologist (D:10)
  Maggie (D:6)
  8 rime drakes
  11 komodo dragons
  An efreet (D:14)
  2 ice devils (D:13)
  A tengu conjurer (D:14)
  8 polar bears
  2 hornets (D:10)
  Grinder (D:3)
  A raiju (Gauntlet)
  3 meliai (Lair:5)
  A queen bee (Lair:5)
  A hornet (shapeshifter) (D:10)
  13 trolls
  9 blink frogs
  9 slime creatures
  A centaur simulacrum (D:10)
  2 shadows
  A spriggan (Lair:3)
  A vampire (D:10)
  7 wyverns
  2 ynoxinuls (Gauntlet)
  6 wraiths
  A water elemental (D:14)
  3 hogs (D:12)
  2 humans (D:12)
  61 yaks
  5 basilisks
  A steam dragon (Lair:4)
  15 vampire mosquitoes
  3 wargs
  19 nagas
  3 acid dragons
  23 water moccasins
  A swamp drake (Orc:1)
  3 ice beasts
  4 sky beasts
  3 black bears
  37 orc warriors
  An ogre (shapeshifter) (D:15)
  9 ogres
  33 wolves
  16 centaurs
  3 necrophages
  A kobold brigand (D:6)
  Blork the orc (D:6)
  2 elf zombies (Ossuary)
  24 bullfrogs
  2 gnoll sergeants
  4 scorpions
  A wyvern skeleton (D:5)
  A hornet simulacrum (D:15)
  A water moccasin skeleton (D:4)
  2 lindwurm simulacra (IceCv)
  8 wights
  31 killer bees
  4 electric eels
  5 howler monkeys
  A bullfrog zombie (D:5)
  6 centaur zombies
  A crimson imp (Orc:1)
  A jelly (D:6)
  5 komodo dragon simulacra (IceCv)
  A human zombie (Ossuary)
  28 orc priests
  6 hounds
  4 centaur skeletons
  3 bullfrog skeletons
  A gnoll shaman (D:7)
  5 iron imps
  5 iguanas
  Jessica (D:2)
  17 orc wizards
  Ijyb (D:3)
  Natasha (thrice) (D:3)
  5 hell rats
  2 lightning spires (Gauntlet)
  A killer bee zombie (D:6)
  A hound zombie (D:5)
  3 hound skeletons
  2 mummies (Ossuary)
  3 howler monkey zombies
  Robin (D:3)
  7 adders
  16 gnolls
  A howler monkey skeleton (D:6)
  5 acid dragon simulacra (IceCv)
  A shadow imp (Orc:1)
  A white imp (Orc:1)
  9 steam dragon simulacra (IceCv)
  An adder zombie (Ossuary)
  4 worms
  3 dart slugs
  102 orcs
  5 ball pythons
  10 endoplasms
  5 giant cockroaches
  20 hobgoblins
  8 jackals
  8 quokkas
  2 bats
  A frilled lizard (D:1)
  13 goblins
  A goblin zombie (Ossuary)
  14 hobgoblin zombies (Ossuary)
  2 jackal zombies (Ossuary)
  14 kobolds
  7 kobold zombies (Ossuary)
  7 orc zombies (Ossuary)
  3 rats (D:1)
979 creatures vanquished.

Vanquished Creatures (others)
  A komodo dragon (shapeshifter) (D:14)
  An orc wizard (Orc:2)
  2 orcs
  2 demonic plants (Gauntlet)
  45 fungi
  69 plants
120 creatures vanquished.

Grand Total: 1099 creatures vanquished

Notes
Turn   | Place    | Note
-------+----------+-------------------------------------------
     0 | D:1      | sking99 the Draconian Transmuter began the quest for the
                  | Orb.
     0 | D:1      | Reached XP level 1. HP: 16/16 MP: 3/3
   144 | D:1      | Found a faded altar of an unknown god.
   308 | D:1      | Reached XP level 2. HP: 23/23 MP: 5/5
  1209 | D:1      | Reached XP level 3. HP: 29/29 MP: 4/6
  1439 | D:2      | Learned a level 2 spell: Wereblood
  1443 | D:2      | Learned a level 3 spell: Spider Form
  1562 | D:1      | Reached skill level 1 in Poison Magic
  1824 | D:2      | Reached XP level 4. HP: 24/36 MP: 4/7
  2074 | D:2      | Noticed Jessica
  2087 | D:2      | Killed Jessica
  3515 | D:3      | Noticed Natasha
  3529 | D:3      | Killed Natasha
  3530 | D:3      | Reached XP level 5. HP: 16/41 MP: 8/8
  3759 | D:3      | Noticed Grinder
  3877 | D:3      | Noticed a sky beast
  4120 | D:3      | Noticed Natasha
  4128 | D:3      | Killed Natasha
  4280 | D:3      | Killed a sky beast
  4281 | D:3      | Reached XP level 6. HP: 22/49 MP: 3/9
  4490 | D:3      | Noticed Natasha
  4494 | D:3      | Noticed Ijyb
  4501 | D:3      | Killed Natasha
  4510 | D:3      | Noticed Robin
  4590 | D:3      | Killed Ijyb
  4708 | D:3      | Killed Robin
  4858 | D:3      | Killed Grinder
  4859 | D:3      | Reached skill level 5 in Unarmed Combat
  4859 | D:3      | Your scales start taking on a glossy black colour.
  4859 | D:3      | Reached XP level 7. HP: 26/57 MP: 6/10
  4859 | D:3      | Gained mutation: You are resistant to electric shocks.
                  | (rElec) [Black Draconian growth]
  5402 | D:4      | Reached XP level 8. HP: 61/66 MP: 9/11
  6078 | D:4      | Found Etibloz's Lightly-Used Armoury.
  6606 | D:5      | Entered Level 5 of the Dungeon
  7028 | D:5      | Reached skill level 5 in Fighting
  7685 | D:6      | Noticed Maggie
  7709 | D:6      | Killed Maggie
  7710 | D:6      | Reached skill level 5 in Dodging
  7710 | D:6      | Reached XP level 9. HP: 31/75 MP: 10/12
  8000 | D:6      | Noticed Blork the orc
  8013 | D:6      | Killed Blork the orc
  8171 | D:6      | Found a staircase to the Ecumenical Temple.
  8183 | Temple   | Entered the Ecumenical Temple
  8278 | Temple   | Became a worshipper of Warmaster Okawaru
  8353 | D:6      | Reached skill level 1 in Shields
  8480 | D:6      | Reached * piety under Okawaru
  9156 | D:7      | Noticed a two-headed ogre
  9166 | D:7      | Killed a two-headed ogre
  9167 | D:7      | Reached skill level 1 in Invocations
  9167 | D:7      | Reached XP level 10. HP: 86/86 MP: 7/13
  9401 | D:7      | Found a sand-covered staircase.
  9409 | Ossuary  | Entered an ossuary
  9477 | Ossuary  | Reached ** piety under Okawaru
  9932 | D:7      | Learned a level 4 spell: Ice Form
  9996 | D:7      | Identified the +5 falchion "Fietoitz" {vorpal, rC- Str+7}
 10329 | D:8      | Reached skill level 1 in Ice Magic
 10621 | D:8      | Reached *** piety under Okawaru
 10622 | D:8      | Reached skill level 5 in Transmutations
 10797 | D:8      | Found a stormy altar of Qazlal.
 10973 | D:8      | Noticed a gargoyle
 10982 | D:8      | Killed a gargoyle
 10983 | D:8      | Reached skill level 5 in Ice Magic
 11160 | D:8      | Reached **** piety under Okawaru
 11204 | D:8      | Found a staircase to the Lair.
 11266 | D:9      | Noticed Psyche
 11274 | D:9      | Paralysed by something for 3 turns
 11278 | D:9      | Killed Psyche
 11358 | D:8      | Reached XP level 11. HP: 63/92 MP: 14/14
 11359 | D:8      | Reached skill level 10 in Unarmed Combat
 11649 | D:9      | Reached ***** piety under Okawaru
 11828 | D:9      | Received a gift from Okawaru
 12068 | D:10     | Entered Level 10 of the Dungeon
 12075 | D:10     | Noticed a two-headed ogre
 12085 | D:10     | Killed a two-headed ogre
 12155 | D:10     | Received a gift from Okawaru
 12334 | D:10     | Reached skill level 5 in Invocations
 12389 | D:10     | Found a sacrificial altar of Ru.
 12465 | D:10     | Learned a level 3 spell: Frozen Ramparts
 12580 | D:10     | Noticed a sun demon
 12886 | D:10     | Identified the +0 kite shield of Beudec {Fly rPois}
                  | (Okawaru gifted it to you on level 10 of the Dungeon)
 12886 | D:10     | Received a gift from Okawaru
 12908 | D:10     | Found a sparkling altar of Nemelex Xobeh.
 13346 | Lair:1   | Entered Level 1 of the Lair of Beasts
 13716 | Lair:1   | Reached XP level 12. HP: 103/103 MP: 13/17
 14390 | Lair:2   | Found a staircase to the Snake Pit.
 15302 | Lair:2   | Identified a scroll of acquirement
 15302 | Lair:2   | Acquired 1090 gold pieces
 15449 | Lair:2   | Noticed a five-headed hydra
 15457 | Lair:2   | Killed a five-headed hydra
 15551 | Lair:2   | Noticed a boulder beetle
 15561 | Lair:2   | Killed a boulder beetle
 15564 | Lair:2   | Reached skill level 10 in Fighting
 15664 | Lair:2   | Reached ****** piety under Okawaru
 15876 | Lair:3   | Noticed Urug
 15889 | Lair:3   | Killed Urug
 15889 | Lair:3   | Received a gift from Okawaru
 16063 | Lair:3   | Found a staircase to the Shoals.
 16692 | Lair:3   | You fall into a shaft and drop 2 floors!
 16754 | Lair:5   | Reached XP level 13. HP: 114/114 MP: 14/19
 16902 | Lair:5   | Found a staircase to the Slime Pits.
 18240 | Arena    | Entered the Arena
 18248 | Arena    | Received a gift from Okawaru
 18395 | Lair:6   | Entered Level 6 of the Lair of Beasts
 18568 | Lair:6   | Reached skill level 10 in Dodging
 19059 | Lair:6   | Found a runed translucent gate.
 19060 | Lair:6   | Found a runed translucent gate.
 19060 | Lair:6   | Found a runed translucent gate.
 19061 | Lair:6   | Noticed an azure jelly
 19061 | Lair:6   | Noticed an azure jelly
 19061 | Lair:6   | Noticed an acid blob
 19061 | Lair:6   | Noticed an acid blob
 19069 | Lair:6   | Noticed Rexfelis's ghost (journeyman MiBe)
 19069 | Lair:6   | Noticed an azure jelly
 19069 | Lair:6   | Noticed an acid blob
 19070 | Lair:6   | Noticed an azure jelly
 19139 | Lair:6   | Reached skill level 10 in Invocations
 19828 | Lair:6   | Gained mutation: Your large and strong wings let you fly.
                  | [Black Draconian growth]
 19828 | Lair:6   | Reached XP level 14. HP: 127/127 MP: 16/21
 20195 | Lair:6   | Identified the ring "Lihit" {rPois rF+ Will+ rCorr Dex-5}
 20258 | Lair:6   | Found a viscous altar of Jiyva.
 20371 | Lair:4   | Identified the +2 cloak "Kehekhy" {Dex+2} (Okawaru gifted
                  | it to you on level 4 of the Lair of Beasts)
 20371 | Lair:4   | Received a gift from Okawaru
 22473 | D:11     | Found a staircase to the Orcish Mines.
 23244 | D:12     | Noticed Kirke
 23258 | D:12     | Killed Kirke
 23526 | D:12     | Identified the +5 whip "Igamabb" {chaos, rElec}
 23547 | D:12     | Found a gate leading to a gauntlet.
 23562 | Gauntlet | Entered a Gauntlet
 23562 | Gauntlet | Found a transporter.
 23562 | Gauntlet | Found a transporter.
 23573 | Gauntlet | Found a transporter.
 23577 | Gauntlet | Found a transporter.
 23585 | Gauntlet | Found a transporter.
 23589 | Gauntlet | Found a transporter.
 23600 | Gauntlet | Found a transporter.
 23610 | Gauntlet | Found a runed translucent door.
 23617 | Gauntlet | Found a transporter.
 23634 | Gauntlet | Found a transporter.
 23638 | Gauntlet | Found a transporter.
 23650 | Gauntlet | Found a transporter.
 23650 | Gauntlet | Found a transporter.
 23843 | Gauntlet | Identified the ring "Iskom" {rN+ Int+4 SInv}
 23851 | Gauntlet | Reached XP level 15. HP: 139/139 MP: 23/23
 23856 | Gauntlet | Identified the ring of Fyciu {rElec rPois rC+ Will+ Str+4}
 23911 | Gauntlet | Identified the +1 robe "Zalih" {rPois}
 23912 | Gauntlet | Got the Volume of Beguiling
 23914 | Gauntlet | Identified the +1 helmet "Ipuhoqu" {rF+ Will+ Regen+}
 23981 | D:12     | Identified the +2 hat of Imperfection {rElec rF++} (Okawaru
                  | gifted it to you on level 12 of the Dungeon)
 23981 | D:12     | Received a gift from Okawaru
 24610 | D:13     | Found a white marble altar of Elyvilon.
 25008 | D:13     | Found a frozen archway.
 25033 | IceCv    | Entered an ice cave
 25196 | IceCv    | Reached XP level 16. HP: 139/147 MP: 19/25
 25242 | IceCv    | Identified the ring "Rezimp" {rN+ SInv}
 25511 | D:14     | Noticed Snorg
 25524 | D:14     | Killed Snorg
 25525 | D:14     | Reached skill level 15 in Fighting
 25539 | D:14     | Reached skill level 15 in Unarmed Combat
 25837 | D:14     | Noticed Roxanne
 25952 | D:14     | Killed Roxanne
 26001 | D:14     | Learned a level 6 spell: Statue Form
 26130 | Orc:1    | Entered Level 1 of the Orcish Mines
 26131 | Orc:1    | Found Kafryse's General Store.
 26146 | Orc:1    | Noticed Nergalle
 26150 | Orc:1    | Killed Nergalle
 26151 | Orc:1    | Reached skill level 1 in Earth Magic
 26922 | Orc:1    | Identified the +0 hat of the Stallion {-Tele rF+ rN+++
                  | rCorr}
 27036 | Orc:2    | Entered Level 2 of the Orcish Mines
 27808 | Orc:2    | Found a staircase to the Elven Halls.
 27855 | Orc:2    | Gained mutation: You tend to lose your temper in combat.
                  | [mutagenic glow]
 27914 | Orc:1    | Lost mutation: You tend to lose your temper in combat.
                  | [potion of mutation]
 27914 | Orc:1    | Gained mutation: You have a pair of small horns on your
                  | head. [potion of mutation]
 27914 | Orc:1    | Gained mutation: You are frail. (-10% HP) [potion of
                  | mutation]
 27914 | Orc:1    | Gained mutation: Your magical capacity is low. (-10% MP)
                  | [potion of mutation]
 27914 | Orc:1    | Gained mutation: You have a pair of horns on your head.
                  | [potion of mutation]
 29315 | Orc:2    | Lost mutation: You are frail. (-10% HP) [potion of
                  | mutation]
 29315 | Orc:2    | Lost mutation: You have a pair of horns on your head.
                  | [potion of mutation]
 29315 | Orc:2    | Gained mutation: Your muscles are strong. (Str +2) [potion
                  | of mutation]
 29315 | Orc:2    | Gained mutation: You tend to lose your temper in combat.
                  | [potion of mutation]
 29315 | Orc:2    | Gained mutation: Your muscles are very strong. (Str +4)
                  | [potion of mutation]
 29316 | Orc:2    | Lost mutation: Your muscles are very strong. (Str +4)
                  | [potion of mutation]
 29316 | Orc:2    | Lost mutation: You tend to lose your temper in combat.
                  | [potion of mutation]
 29316 | Orc:2    | Lost mutation: Your muscles are strong. (Str +2) [potion of
                  | mutation]
 29316 | Orc:2    | Gained mutation: You are dopey. (Int -2) [potion of
                  | mutation]
 29316 | Orc:2    | Gained mutation: Your magical capacity is very low. (-20%
                  | MP) [potion of mutation]
 29316 | Orc:2    | Gained mutation: Your spells are a little harder to cast,
                  | but a little more powerful. [potion of mutation]
 29317 | Orc:2    | Lost mutation: You have a pair of small horns on your head.
                  | [potion of mutation]
 29317 | Orc:2    | Lost mutation: Your magical capacity is very low. (-20% MP)
                  | [potion of mutation]
 29317 | Orc:2    | Gained mutation: Your spells are harder to cast, but more
                  | powerful. [potion of mutation]
 29317 | Orc:2    | Gained mutation: You sometimes lose the ability to read
                  | scrolls when taking damage. [potion of mutation]
 29491 | Orc:2    | Found Jiafe's Armour Shoppe.
 29494 | Orc:2    | Found Wiha's Weapon Emporium.
 29496 | Orc:2    | Found Etimiddi's Weapon Shoppe.
 29497 | Orc:2    | Found Uzippicov's Book Shoppe.
 29593 | Orc:1    | Bought a scroll of acquirement for 832 gold pieces
 29593 | Orc:1    | Acquired a staff of earth
 29806 | D:14     | Reached skill level 5 in Earth Magic
 29959 | D:14     | Received a gift from Okawaru
 30090 | D:14     | Found a gate to the Vaults.
 30638 | D:15     | Entered Level 15 of the Dungeon
 31219 | D:15     | Found a staircase to the Depths.
 31279 | D:15     | Found Beniwkig's Jewellery Boutique.
 31287 | D:15     | Bought an amulet of reflection for 390 gold pieces
 31414 | D:15     | Noticed Josephine
 31431 | D:15     | Killed Josephine
 32051 | Snake:1  | Entered Level 1 of the Snake Pit
 32417 | Snake:1  | Reached XP level 17. HP: 133/156 MP: 23/23
 32643 | Snake:1  | Reached skill level 10 in Transmutations
 33348 | Snake:1  | Received a gift from Okawaru
 33949 | Snake:2  | Noticed Saint Roka
 33950 | Arena    | Entered the Arena
 33962 | Arena    | Killed Saint Roka
 35190 | Snake:3  | Slain by a salamander

Illustrated notes

Levels and vault maps discovered:
D:1:      dpeg_arrival_rhombi, layout_loops_ring,
          nicolae_ecumenical_lake_church, minmay_tromino_v4_b
D:2:      layout_basic, serial_co_window_serial, co_window_paths_b,
          co_window_of_opportunity_a, co_window_paths_a, co_window_paths_a,
          co_window_paths_a, co_window_2corner, co_window_corner_b,
          co_window_cross_3, co_window_broadway_a, co_window_broadway_c,
          co_window_of_opportunity_c, co_window_of_opportunity_c,
          co_window_4corner_b, glass_columns_a, glass_columns_b,
          serial_bayou_pond_b, kennysheep_jessica_study
D:3:      layout_basic, uniq_robin, uniq_ijyb, uniq_natasha, uniq_grinder
D:4:      minmay_octagon_keep, layout_basic, minmay_shop_damaged
D:5:      layout_loops_ring
D:6:      layout_rooms, temple_green, serial_aquarium,
          aquarium_bridge_island_small [aquarium_subvault_small_open,
          aquarium_subvault_balcony, aquarium_subvault_wall,
          aquarium_subvault_bridge, aquarium_subvault_window],
          aquarium_bridge_straight [aquarium_subvault_bridge,
          aquarium_subvault_window, aquarium_subvault_bridge,
          aquarium_subvault_wall], aquarium_window_fake,
          aquarium_window_corridor_1, aquarium_view_2b, aquarium_balcony_5a,
          minmay_alternating_orb, uniq_blork_the_orc, uniq_maggie
D:7:      layout_basic, nicolae_ossuary_entry_ruins
D:8:      layout_basic, mainiacjoe_overflow_small_starburst,
          due_lair_maze_entry_diamond, minmay_chambers_of_fives
D:9:      layout_roguey, special_room [special_room_orc], uniq_psyche
D:10:     layout_loops_cross, chequers_serial_rivers_micro_e, fountainhead,
          grunt_ministairs_9, hangedman_feature_mirror
D:11:     layout_loops_ring, david_orc_4
D:12:     layout_loops_cross, gauntlet_entry_generic, uniq_kirke
D:13:     layout_cave_pools, portal_ice_cave_demonic_guard, elyvilon_altar_3
D:14:     layout_rooms, skrybe_vaults_entry_preservation, kennysheep_boxes,
          uniq_roxanne, uniq_snorg
D:15:     grunt_enter_depths_magical_seal, layout_basic, minmay_misc_feat_tiny,
          minmay_shop_enchanted_jewellery, uniq_josephine
Temple:   dpeg_three_leaves_temple
Lair:1:   layout_loops_ring
Lair:2:   nzn_winding_woodlands_stair_cross
          [nzn_winding_woodlands_5x15_concentric,
          nzn_winding_woodlands_center_lodge,
          nzn_winding_woodlands_5x15_crooked,
          nzn_winding_woodlands_5x5_perimeter,
          nzn_winding_woodlands_5x5_closed_star,
          nzn_winding_woodlands_5x15_river_crossing,
          nzn_winding_woodlands_center_diamonds,
          nzn_winding_woodlands_5x15_cabin], layout_chaotic_city,
          minmay_snake_entry_spellcaster, nicolae_lair_run_with_the_wolves,
          lemuel_fruit_tree
Lair:3:   layout_cave_pods, minmay_shoals_entry_centaurs,
          grunt_forest_stairs_clearing, uniq_urug
Lair:4:   layout_loops_ring, beast_lair_carwin_8, grunt_megastairs_4
Lair:5:   regret_index_wax_grids, layout_regular_city,
          minmay_slime_entry_oklob_enclosed, infiniplex_staircase_pool_2,
          serial_bayou_shore_a
Lair:6:   evilmike_catoblepas_cave, layout_loops_ring, gammafunk_ghost_ooze,
          evilmike_ambush [evilmike_ambush_outer_pillars,
          evilmike_ambush_inner_cross], grunt_megastairs_2
Snake:1:  layout_layer_cave
Snake:2:  layout_concentric_octagons, drop_trap, uniq_saint_roka
Snake:3:  layout_chambers
Orc:1:    layout_caves, serial_shops, shop_fountains, hangedman_minor_magic,
          uniq_nergalle
Orc:2:    st_orc_pillars, layout_caves

Skill      XL: |  1  2  3  4  5  6  7  8  9 10 11 12 13 14 15 16 17 |
---------------+----------------------------------------------------+-----
Dodging        | 2 3 5 6 7 9 10 11 | 11.9
Poison Magic   | 1 2 3 |  3.0
Transmutations | 3 4 7 9 11 | 11.3
Fighting       | 2 3 4 5 7 8 10 12 14 15 | 15.1
Unarmed Combat | 4 5 6 8 9 11 12 13 14 15 | 15.2
Shields        | 2 3 |  3.1
Invocations    | 1 3 7 9 10 11 12 | 12.0
Ice Magic      | 6 7 |  7.7
Earth Magic    | 6 8 |  8.2
Spellcasting   | |  2.5

Action                   |  1- 3 |  4- 6 |  7- 9 | 10-12 | 13-15 | 16-18 || total
-------------------------+-------+-------+-------+-------+-------+-------++-------
Melee: Unarmed           |    83 |   171 |   324 |   687 |   723 |   853 ||  2841
       Kick              |    16 |    25 |       |       |       |       ||    41
       Tailslap          |    10 |    21 |     5 |    16 |    12 |    42 ||   106
       Headbutt          |     5 |    16 |       |       |       |     1 ||    22
       Punch             |     2 |       |     4 |     7 |     7 |    25 ||    45
 Cast: Beastly Appendage |    16 |    19 |       |     1 |       |       ||    36
       Wereblood         |     1 |       |       |    11 |     8 |     5 ||    25
       Spider Form       |       |     6 |    46 |    20 |       |     1 ||    73
       Ice Form          |       |       |       |    42 |    77 |    65 ||   184
       Frozen Ramparts   |       |       |       |    19 |    25 |     7 ||    51
Invok: Heroism           |       |       |     1 |     4 |    19 |    15 ||    39
       Finesse           |       |       |       |     1 |     2 |     5 ||     8
       Duel              |       |       |       |       |     1 |     1 ||     2
 Abil: Breathe Lightning |       |       |       |     1 |       |     1 ||     2
  Use: Scroll            |       |       |     7 |    15 |     6 |     3 ||    31
       Potion            |       |       |       |       |     3 |     4 ||     7
 Stab: Sleeping          |     1 |     1 |     3 |     1 |       |     1 ||     7
       Distracted        |       |       |       |       |     1 |       ||     1
       Petrifying        |       |       |       |       |     1 |       ||     1
Armor: Skin              |    16 |    21 |    17 |    83 |   103 |   144 ||   384
Dodge: Dodged            |    54 |    87 |   308 |   686 |   637 |   606 ||  2378
